 Dungeon Crawl Stone Soup version 0.29-a0-512-gf59ac788ac (webtiles) character file.

Game seed: 2062860812289309219

752 croobank the Covert (level 7, -2/45 (60) HPs)
             Began as a Gnoll Delver on May 29, 2022.
             Was an Initiate of Gozag.
             Slain by Pikel
             ... wielding a +2 whip of electrocution
              (15 damage)
             ... on level 6 of the Dungeon.
             The game lasted 00:20:33 (6279 turns).

croobank the Covert (Gnoll Delver)                  Turns: 6279, Time: 00:20:39

HP:   -2/45 (60)    AC:  7    Str: 11    XL:     7   Next: 78%
MP:   5/11          EV: 13    Int: 11    God:    Gozag
Gold: 161           SH:  4    Dex: 14    Spells: 9/11 levels left

rFire   . . .      SeeInvis .   a - +0 war axe
rCold   . . .      Faith    .   q - +0 buckler
rNeg    . . .      Spirit   .   F - +0 leather armour
rPois   .          Reflect  .   z - +0 helmet
rElec   .          Harm     .   v - +0 cloak
rCorr   .          Rampage  .   (no gloves)
Will    +....                   j - +1 pair of boots
Stlth   ++++......              (no amulet)
HPRegen 0.15/turn               l - ring of willpower
MPRegen 0.12/turn               (no ring)

@: very slightly contaminated, very heavily drained
A: fangs 1, strong nose, distributed training
a: Renounce Religion, Potion Petition, Call Merchant, Bribe Branch


You were on level 6 of the Dungeon.
You worshipped Gozag.
Gozag was aware of your devotion.
You visited 2 branches of the dungeon, and saw 7 of its levels.

You collected 342 gold pieces.
You spent 114 gold pieces at shops.
You paid 67 gold pieces to Gozag.

Inventory:

Hand Weapons
 a - a +0 war axe (weapon)
 b - a +0 hunting sling
 d - a +0 dagger
 f - a +0 whip of freezing
 p - a +0 long sword
 x - a +0 great mace
Missiles
 e - 163 stones (quivered)
 t - 4 poisoned darts
Armour
 j - a +1 pair of boots (worn)
 q - a +0 buckler (worn)
 s - a +0 ring mail
 v - a +0 cloak (worn)
 z - a +0 helmet (worn)
 F - a +0 leather armour (worn)
Jewellery
 k - an amulet of magic regeneration
 l - a ring of willpower (left hand)
 r - a ring of magical power
 B - an amulet of regeneration
Wands
 g - a wand of digging (10)
 u - a wand of charming (4)
Scrolls
 c - 2 scrolls of fog
 m - 2 scrolls of blinking
 n - a scroll of silence {unknown}
 o - 2 scrolls of magic mapping
 y - a scroll of poison
 C - 2 scrolls of identify
 D - a scroll of enchant weapon {unknown}
Potions
 h - a potion of invisibility
 i - 3 potions of cancellation
 w - a potion of mutation {unknown}
 E - a potion of attraction {unknown}


   Skills:
 + Level 7.1 Fighting
 + Level 2.7 Short Blades
 + Level 2.7 Long Blades
 + Level 5.3 Axes
 + Level 2.7 Maces & Flails
 + Level 2.7 Polearms
 + Level 2.7 Staves
 + Level 2.7 Slings
 + Level 2.7 Bows
 + Level 2.7 Crossbows
 + Level 2.7 Throwing
 + Level 2.7 Armour
 + Level 5.3 Dodging
 + Level 10.0 Stealth
 + Level 2.7 Shields
 + Level 2.7 Unarmed Combat
 + Level 2.7 Spellcasting
 + Level 2.2 Conjurations
 + Level 2.2 Hexes
 + Level 2.2 Summonings
 + Level 2.2 Necromancy
 + Level 2.2 Translocations
 + Level 2.2 Transmutations
 + Level 2.2 Fire Magic
 + Level 2.2 Ice Magic
 + Level 2.2 Air Magic
 + Level 2.2 Earth Magic
 + Level 2.2 Poison Magic
 + Level 3.0 Invocations
 + Level 2.7 Evocations


You had 9 spell levels left.
You knew the following spells:

 Your Spells              Type           Power      Damage    Failure   Level
a - Ensorcelled Hibernat  Hex/Ice        12%        N/A       28%         2

Your spell library contained the following spells:

 Spells                   Type           Power      Damage    Failure   Level
 Spider Form              Tmut/Pois      6%         N/A       50%         3
 Anguish                  Hex/Necr       3%         N/A       88%         4


Dungeon Overview and Level Annotations

Branches:
Dungeon (6/15)             Temple (1/1) D:4

Altars:
Fedhas
Gozag
Qazlal
Ru
Trog
Wu Jian
Yredelemnul
The Shining One

Shops:
D:4 ?(*=

Annotations:
D:6 Pikel


Innate Abilities, Weirdness & Mutations

You have very sharp teeth.
Your uncanny sense of smell can sniff out nearby items.
Your experience applies equally to all skills.


Message History

The lemure barely misses you. The lemure hits you.
You barely miss the lemure.
The lemure is almost dead.
The lemure hits you but does no damage.
You closely miss the lemure.
The lemure is almost dead.
The lemure closely misses you.
Pikel shouts!
You hit the lemure.
You kill the lemure!
That felt strangely unrewarding.
The lemure hits you.
Casting: Ensorcelled Hibernation (dangerous; 28% risk of failure)
Confirm with . or Enter, or press ? or * to list all spells.
Aiming: Ensorcelled Hibernation (dangerous; 28% risk of failure)
Press: ? - help, Shift-Dir - straight line, f/p - Pikel
Aim: Pikel, wielding a +2 whip of electrocution and wearing a +0 robe (chance to affect: 39%) Pikel resists with some effort.
The lemure barely misses you.
Casting: Ensorcelled Hibernation (dangerous; 28% risk of failure)
Confirm with . or Enter, or press ? or * to list all spells.
Aiming: Ensorcelled Hibernation (dangerous; 28% risk of failure)
Press: ? - help, Shift-Dir - straight line, f/p - Pikel
Aim: Pikel, wielding a +2 whip of electrocution and wearing a +0 robe (chance to affect: 39%)
You miscast Ensorcelled Hibernation.
You are very lightly contaminated with residual magic.
Nothing appears to happen.
The lemure barely misses you.
Casting: Ensorcelled Hibernation (dangerous; 28% risk of failure)
Confirm with . or Enter, or press ? or * to list all spells.
Aiming: Ensorcelled Hibernation (dangerous; 28% risk of failure)
Press: ? - help, Shift-Dir - straight line, f/p - Pikel
Aim: Pikel, wielding a +2 whip of electrocution and wearing a +0 robe (chance to affect: 39%) Pikel looks drowsy...
The lemure hits you!
The helpless Pikel fails to defend himself.
You slash Pikel!
Pikel is moderately wounded.
You hit the lemure.
Pikel hits you with a +2 whip of electrocution!
* * * LOW HITPOINT WARNING * * *
You are electrocuted!
You die...
Your body crumbles into a pile of gold.

#.. ∆ #.# ### $ #.# #..∆
∆ # ##.## #.# .$
#####...####.# ..
##............# .#
#...##...####.## ..###
...............###......
#...###.......#5@K......
...## #######.5####...##
#..# #...# |# ...#
#.###.# #.## #.. ... ∆
..# #5. #..
##########... ...?
........... .#.
.#########. # $


You could see Pikel and 2 lemures.

Vanquished Creatures
  An orc warrior (D:6)
  A centaur (D:5)
  2 lemures (D:6)
  A scorpion (D:2)
  2 hounds
  A jelly (D:6)
  An orc priest (D:4)
  Ijyb (D:4)
  3 iguanas
  4 orc wizards
  8 adders
  A shadow imp (D:5)
  An ufetubus (D:5)
  2 worms
  3 dart slugs
  18 orcs
  4 endoplasms
  4 giant cockroaches
  7 goblins
  8 hobgoblins
  10 kobolds
  3 quokkas
  2 ball pythons
  4 bats (D:1)
  3 frilled lizards
  4 rats
99 creatures vanquished.

Vanquished Creatures (others)
  A phantom (D:6)
  A shadow imp (D:6)
  4 fungi (D:3)
  A plant (D:3)
7 creatures vanquished.

Grand Total: 106 creatures vanquished

Notes
Turn   | Place    | Note
-------+----------+-------------------------------------------
     0 | D:5      | Reached skill level 9 in Stealth
     0 | D:5      | croobank the Gnoll Delver began the quest for the Orb.
     0 | D:5      | Reached XP level 1. HP: 23/23 MP: 1/1
    72 | D:5      | Reached XP level 2. HP: 21/29 MP: 2/2
   779 | D:1      | Reached XP level 3. HP: 35/35 MP: 3/3
  1127 | D:2      | Reached skill level 1 in Invocations
  1530 | D:2      | Reached skill level 1 in Short Blades
  1530 | D:2      | Reached skill level 1 in Long Blades
  1530 | D:2      | Reached skill level 1 in Maces & Flails
  1530 | D:2      | Reached skill level 1 in Polearms
  1530 | D:2      | Reached skill level 1 in Staves
  1530 | D:2      | Reached skill level 1 in Slings
  1530 | D:2      | Reached skill level 1 in Bows
  1530 | D:2      | Reached skill level 1 in Crossbows
  1530 | D:2      | Reached skill level 1 in Throwing
  1530 | D:2      | Reached skill level 1 in Armour
  1530 | D:2      | Reached skill level 1 in Shields
  1530 | D:2      | Reached skill level 1 in Unarmed Combat
  1530 | D:2      | Reached skill level 1 in Spellcasting
  1530 | D:2      | Reached skill level 1 in Evocations
  1621 | D:2      | Found a sacrificial altar of Ru.
  1658 | D:2      | Found a faded altar of an unknown god.
  1658 | D:2      | Noticed a scorpion
  1661 | D:2      | Reached XP level 4. HP: 41/41 MP: 5/5
  1664 | D:2      | Killed a scorpion
  1665 | D:2      | Reached skill level 1 in Conjurations
  1665 | D:2      | Reached skill level 1 in Hexes
  1665 | D:2      | Reached skill level 1 in Summonings
  1665 | D:2      | Reached skill level 1 in Necromancy
  1665 | D:2      | Reached skill level 1 in Translocations
  1665 | D:2      | Reached skill level 1 in Transmutations
  1665 | D:2      | Reached skill level 1 in Fire Magic
  1665 | D:2      | Reached skill level 1 in Ice Magic
  1665 | D:2      | Reached skill level 1 in Air Magic
  1665 | D:2      | Reached skill level 1 in Earth Magic
  1665 | D:2      | Reached skill level 1 in Poison Magic
  1665 | D:2      | Reached XP level 5. HP: 47/47 MP: 6/6
  1833 | D:2      | Learned a level 2 spell: Ensorcelled Hibernation
  2274 | D:3      | Found a stormy altar of Qazlal.
  3525 | D:3      | Reached XP level 6. HP: 50/53 MP: 8/8
  4034 | D:4      | Reached skill level 5 in Axes
  4034 | D:4      | Reached skill level 5 in Dodging
  4038 | D:4      | Found a staircase to the Ecumenical Temple.
  4050 | D:4      | Found Syweasch's Jewellery Shoppe.
  4382 | D:4      | Noticed Ijyb
  4399 | Temple   | Entered the Ecumenical Temple
  4498 | Temple   | Became a worshipper of Gozag Ym Sagoz the Greedy
  4521 | D:4      | Killed Ijyb
  4526 | D:4      | Found Gasch's Antique Weapon Shop.
  4529 | D:4      | Found Issysiba's Assorted Antiques.
  4595 | D:4      | Found Wietza's Magic Scroll Emporium.
  4763 | D:4      | Bought a scroll of blinking for 90 gold pieces
  4763 | D:4      | Bought a scroll of identify for 24 gold pieces
  5031 | D:5      | Reached XP level 7. HP: 36/59 MP: 10/10
  5315 | D:5      | Found a basalt altar of Yredelemnul.
  5626 | D:5      | Found an ornate altar of the Wu Jian Council.
  5634 | D:5      | Found a blossoming altar of Fedhas.
  5855 | D:6      | Reached skill level 10 in Stealth
  6247 | D:6      | Noticed Pikel
  6279 | D:6      | Slain by Pikel

Illustrated notes

Levels and vault maps discovered:
D:1:      nzn_arrival_crosshair, layout_rooms, serial_curves, eino_curves_03,
          eino_curves_04
D:2:      layout_loops_corners, basic_ecumenical_altar, basic_altar
D:3:      layout_basic, mainiacjoe_overflow_boulevard, glass_columns_c,
          chequers_big_river, minivault_25
D:4:      layout_basic, minmay_temple_entry_grid, serial_shops,
          nicolae_shop_waterfront, nicolae_shop_crystal,
          nicolae_shop_waterfront, nicolae_shop_stone, uniq_ijyb
D:5:      layout_basic, overflow_temple_1_default,
          amethyst_overflow_temple_binary
D:6:      layout_loops_ring, kennysheep_okawaru_gauntlet, lemuel_flamethrower_2,
          uniq_pikel
Temple:   regret_index_temple_sphere_string

Skill      XL: |  1  2  3  4  5  6  7 |
---------------+----------------------+-----
Stealth        | 10 | 10.0
Invocations    | 1 2 3 |  3.0
Short Blades   | 1 2 |  2.7
Long Blades    | 1 2 |  2.7
Maces & Flails | 1 2 |  2.7
Polearms       | 1 2 |  2.7
Staves         | 1 2 |  2.7
Slings         | 1 2 |  2.7
Bows           | 1 2 |  2.7
Crossbows      | 1 2 |  2.7
Throwing       | 1 2 |  2.7
Armour         | 1 2 |  2.7
Shields        | 1 2 |  2.7
Unarmed Combat | 1 2 |  2.7
Spellcasting   | 1 2 |  2.7
Evocations     | 1 2 |  2.7
Conjurations   | 1 2 |  2.2
Hexes          | 1 2 |  2.2
Summonings     | 1 2 |  2.2
Necromancy     | 1 2 |  2.2
Translocations | 1 2 |  2.2
Transmutations | 1 2 |  2.2
Fire Magic     | 1 2 |  2.2
Ice Magic      | 1 2 |  2.2
Air Magic      | 1 2 |  2.2
Earth Magic    | 1 2 |  2.2
Poison Magic   | 1 2 |  2.2
Axes           | 5 |  5.3
Dodging        | 5 |  5.3
Fighting       | 7 |  7.1

Action                   |  1- 3 |  4- 6 |  7- 9 || total
-------------------------+-------+-------+-------++-------
Melee: Hand axe          |    50 |   166 |       ||   216
       Bite              |    14 |    24 |     9 ||    47
       Dagger            |    77 |    83 |       ||   160
       Long sword        |    10 |       |       ||    10
       Punch             |     2 |       |       ||     2
       War axe           |       |    24 |    91 ||   115
 Cast: Ensorcelled Hiber |       |       |     4 ||     4
  Use: Scroll            |     2 |    12 |     1 ||    15
       Potion            |       |     6 |     5 ||    11
 Stab: Sleeping          |    19 |     9 |     2 ||    30
       Distracted        |       |       |     1 ||     1
Armor: Leather armour    |    28 |       |    22 ||    50
       Ring mail         |       |    84 |    12 ||    96
Dodge: Dodged            |    78 |    99 |    39 ||   216
Block: Buckler           |     2 |    40 |    20 ||    62

Table legend: (Time is in decaauts)
 A = Elapsed time spent in this place.
 B = Non-inter-level travel time spent in this place.
 C = Inter-level travel time spent in this place.
 D = Time resting spent in this place.
 E = Time spent auto-exploring this place.
 F = Levels seen in this place.
 G = Mean time per level.
                   A        B        C        D        E       F      G
               +--------+--------+--------+--------+--------+-----+--------+
         Total |   6284 |   6127 |    157 |   1390 |   3349 |   7 |  897.7 |
       Dungeon |   6174 |   6027 |    147 |   1390 |   3258 |   6 | 1029.0 |
        Temple |    109 |     99 |     10 |      0 |     91 |   1 |  109.0 |
               +--------+--------+--------+--------+--------+-----+--------+

Top non-repeatable levels by time:
     D:5: 1491 daAuts
     D:3: 1368 daAuts
     D:2: 1355 daAuts
     D:4: 896 daAuts
     D:1: 672 daAuts
     D:6: 389 daAuts
  Temple: 109 daAuts
